 Dungeon Crawl Stone Soup version 0.22-a0-81-g7478db5 (webtiles) character file.

317 KristoblXynda the Slasher (level 6, 0/48 HPs)
             Began as a Draconian Gladiator on Jan 18, 2018.
             Slain by an ogre
             ... wielding a +0 giant club
              (22 damage)
             ... on level 4 of the Dungeon.
             The game lasted 00:04:24 (2498 turns).

KristoblXynda the Slasher (Draconian Gladiator)     Turns: 2498, Time: 00:04:25

Health: 0/48       AC:  7    Str: 16    XL:     6   Next: 20%
Magic:  7/7        EV: 17    Int: 10    God:
Gold:   70         SH:  0    Dex: 13    Spells: 5/5 levels left

rFire    . . .     SeeInvis .   a - +0 long sword
rCold    . . .     Gourm    .   (no shield)
rNeg     . . .     Faith    .   (armour unavailable)
rPois    .         Spirit   .   b - +0 hat
rElec    .         Reflect  .   (no cloak)
rCorr    .         Harm     .   (no gloves)
MR       .....                  (no boots)
Stlth    ++........             (no amulet)
HPRegen  0.16/turn              h - +3 ring of evasion
MPRegen  0.10/turn              r - ring of stealth

@: no status effects
A: unfitting armour, mutation resistance 1, shaggy fur 1, cold-blooded, AC +6
a: no special abilities


You were on level 4 of the Dungeon.
You were hungry.

You visited 1 branch of the dungeon, and saw 4 of its levels.

You collected 70 gold pieces.

Inventory:

Hand Weapons
 a - a +0 long sword (weapon)
Missiles
 c - 3 throwing nets (quivered)
Armour
 b - a +0 hat (worn)
Jewellery
 h - a +3 ring of evasion (left hand)
 r - a ring of stealth (right hand)
Wands
 k - a wand of enslavement (3)
Scrolls
 f - 5 scrolls of identify {unknown}
 g - 4 scrolls of magic mapping {unknown}
 i - a scroll of blinking {unknown}
 j - 6 scrolls of teleportation {unknown}
 l - a scroll of enchant armour {unknown}
 s - a scroll of remove curse {unknown}
Potions
 e - 4 potions of curing
 n - 2 potions of agility
 o - a potion of flight {unknown}
 p - a potion of invisibility {unknown}
Comestibles
 d - 5 rations


   Skills:
 - Level 2.1 Fighting
 + Level 4.5 Long Blades
 - Level 3.0 Throwing
 + Level 4.1 Dodging
 + Level 2.5 Evocations


You had 5 spell levels left.
You didn't know any spells.

Dungeon Overview and Level Annotations

Branches:
Dungeon (4/15)
 Temple: D:4-7

Altars:
Kikubaaqudgha
Makhleb
Trog

Annotations:
D:3 1 transporter


Innate Abilities, Weirdness & Mutations

Your plain brown scales are hard. (AC +6)
You cannot fit into any form of body armour.
You are cold-blooded and may be slowed by cold attacks.
You are somewhat resistant to further mutation.
You are covered in fur. (AC +1)


Message History

You kill the adder!
You hit the ooze.
The ooze is lightly wounded.
The ooze misses you.
You riposte.
You hit the ooze. You tail-slap the ooze.
The ooze is almost dead.
You slash the ooze!
You kill the ooze!
An ogre comes into view. It is wielding a giant club.
An ogre is nearby!
An ogre is nearby!
An ogre is nearby!
You barely miss the ogre. The ogre hits you with a giant club!!
You hit the ogre.
The ogre is lightly wounded.
The ogre barely misses you.
You see here 8 stones.
You hit the ogre.
The ogre is moderately wounded.
The ogre hits you with a giant club!!
You die...

#.# #............#.##.#.##.# †.#
#.#.#..#..#..#.##.....[#### .##
#.#....÷.......####.......# .#
##.###..#.##..####.....###.# .#
#.............# #..<..###.# .#
#...##........####......##.#
.#####...##..#.##.....#......##.#
...............##.....#.........#
................@.....######.####
...........(..###O....# #.......#
.#.###...#............# #.##.##.#
.#.# #.....##.######### #.##.##.#
.#.# ##.......# #....##.# .#.#
####.##############.#####.# .#.#
#.......#.....##....†..# ...#
#.#####.#.....##.####### ####
#.#####.#........#


You could see an ogre.

Vanquished Creatures
  A howler monkey (D:4)
  Jessica (D:3)
  An iguana (D:4)
  A worker ant (D:4)
  Terence (D:2)
  2 hound skeletons (D:4)
  4 adders
  3 oozes
  2 worms
  3 dart slugs
  4 leopard geckos
  10 orcs
  10 bats
  5 giant cockroaches
  4 goblins
  5 hobgoblins
  12 jackals
  8 kobolds
  A ball python (D:1)
  3 frilled lizards (D:1)
  2 rats
83 creatures vanquished.

Notes
Turn   | Place    | Note
-------+----------+-------------------------------------------
     0 | D:1      | KristoblXynda the Draconian Gladiator began the quest for the Orb.
     0 | D:1      | Reached XP level 1. HP: 17/17 MP: 1/1
   182 | D:1      | Reached XP level 2. HP: 24/24 MP: 2/2
   450 | D:1      | Reached XP level 3. HP: 18/29 MP: 3/3
   956 | D:2      | Noticed Terence
   969 | D:2      | Killed Terence
   969 | D:2      | Reached XP level 4. HP: 27/36 MP: 4/4
  1412 | D:3      | Reached skill level 1 in Evocations
  1626 | D:3      | Found a transporter.
  1856 | D:3      | Noticed Jessica
  1864 | D:3      | Killed Jessica
  1864 | D:3      | Reached XP level 5. HP: 33/41 MP: 4/6
  1931 | D:3      | Found an ancient bone altar of Kikubaaqudgha.
  1949 | D:3      | You fall through a shaft!
  1950 | D:4      | Found a bloodstained altar of Trog.
  1955 | D:4      | Found a burning altar of Makhleb.
  2111 | D:4      | Gained mutation: You are frail. (-10% HP) [potion of mutation]
  2111 | D:4      | Gained mutation: You tend to lose your temper in combat. [potion of mutation]
  2111 | D:4      | Gained mutation: You are resistant to hostile enchantments. (MR+) [potion of mutation]
  2118 | D:4      | Reached XP level 6. HP: 14/43 MP: 7/7
  2319 | D:4      | Lost mutation: You are resistant to hostile enchantments. (MR+) [potion of mutation]
  2319 | D:4      | Lost mutation: You are frail. (-10% HP) [potion of mutation]
  2319 | D:4      | Lost mutation: You tend to lose your temper in combat. [potion of mutation]
  2319 | D:4      | Gained mutation: You are covered in fur. (AC +1) [potion of mutation]
  2319 | D:4      | Gained mutation: You are somewhat resistant to further mutation. [potion of mutation]
  2498 | D:4      | Slain by an ogre

Vault maps used:
D:1:      erik_arrival_blinker_ship, minmay_heptomino_w4
D:2:      first_ration, uniq_terence
D:3:      gammafunk_steamed_eel, kiku_gazebo_garden_becter, uniq_jessica
D:4:      nicolae_overflow_crystal_walls, bloody_trog, minmay_quantized

Skill      XL: |  1  2  3  4  5 |
---------------+----------------+-----
Throwing       | 2 3 |  3.0
Dodging        | 3 4 |  4.1
Evocations     | 1 2 |  2.5
Long Blades    | 4 |  4.5
Fighting       | |  2.1

Action                   |  1- 3 |  4- 6 || total
-------------------------+-------+-------++-------
Melee: Long sword        |   100 |   141 ||   241
       Tailslap          |    12 |    26 ||    38
  Use: Potion            |       |     3 ||     3
 Stab: Sleeping          |       |     2 ||     2
  Eat: Chunk             |       |     5 ||     5
Armor: Skin              |    27 |    23 ||    50
Dodge: Dodged            |    94 |   133 ||   227
       Rpst.: Long sword |    28 |    48 ||    76

Table legend:
 A = Spawn XP
 B = Non-spawn XP
 C = Spawn XP percentage of total XP
 D = Spawn monster count
 E = Non-spawn monster count
 F = Spawn count percentage of total count
 G = Total turns spent on level
                    A         B        C        D         E        F      G
               +---------+---------+-------+---------+---------+-------+---------
         Total |       0 |     453 |   0.0 |       0 |      83 |   0.0 |  2498
               +---------+---------+-------+---------+---------+-------+---------
           D:1 |       0 |      51 |   0.0 |       0 |      27 |   0.0 |   801
           D:2 |       0 |      81 |   0.0 |       0 |      13 |   0.0 |   498
           D:3 |       0 |     101 |   0.0 |       0 |      27 |   0.0 |   650
           D:4 |       0 |     220 |   0.0 |       0 |      16 |   0.0 |   549
               +---------+---------+-------+---------+---------+-------+---------
